 Dungeon Crawl Stone Soup version 0.21-a0-504-g2eda33064f (webtiles) character file.

57 LarsimusPrime the Skirmisher (level 3, -1/29 HPs)
             Began as a Demonspawn Fighter on Nov 26, 2017.
             Slain by Sigmund
             ... wielding a +0 scythe
              (6 damage)
             ... on level 2 of the Dungeon.
             The game lasted 00:07:20 (1576 turns).

LarsimusPrime the Skirmisher (Demonspawn Fighter)   Turns: 1576, Time: 00:07:21

Health: -1/29      AC:  6    Str: 17    XL:     3   Next: 73%
Magic:  3/3        EV:  8    Int:  9    God:
Gold:   158        SH:  4    Dex: 12    Spells: 2/2 levels left

rFire    + . .     SeeInvis .   a - +0 flail
rCold    . . .     Gourm    .   j - +0 buckler
rNeg     . . .     Faith    .   b - +0 scale mail
rPois    .         Spirit   .   (no helmet)
rElec    .         Reflect  .   (no cloak)
rCorr    .         Harm     .   (no gloves)
MR       .....                  (no boots)
Stlth    ..........             (no amulet)
HPRegen  0.09/turn              (no ring)
MPRegen  0.08/turn              (no ring)

@: heavily drained
A: talons 1, fire resistance 1
a: no special abilities


You were on level 2 of the Dungeon.
You were not hungry.

You visited 1 branch of the dungeon, and saw 2 of its levels.

You collected 158 gold pieces.

Inventory:

Hand Weapons
 a - a +0 flail (weapon)
 r - a +4 short sword
 s - a +1 short sword of draining
Missiles
 i - 32 stones (quivered)
 l - 29 arrows
 q - 15 poisoned needles
Armour
 b - a +0 scale mail (worn)
 c - a +0 shield
 j - a +0 buckler (worn)
 o - a +2 cloak
Jewellery
 h - an uncursed ring of see invisible {unknown}
Wands
 p - a wand of enslavement (13)
Scrolls
 e - a scroll of blinking {unknown}
 m - a scroll of immolation {unknown}
 n - 2 scrolls of fog {unknown}
Potions
 d - a potion of might
 k - a potion of brilliance {unknown}
Comestibles
 f - a bread ration
 g - 5 chunks of flesh


   Skills:
 + Level 3.3(1.9) Fighting
 + Level 2.8(1.4) Maces & Flails
 + Level 3.0(1.6) Armour
 + Level 0.1(0.0) Dodging
 + Level 3.0(1.6) Shields


You had 2 spell levels left.
You didn't know any spells.

Dungeon Overview and Level Annotations

Branches:
Dungeon (2/15)

Altars:
Qazlal
Uskayaw

Annotations:
D:2 Sigmund


Innate Abilities, Weirdness & Mutations

You have sharp toenails.
Your flesh is heat resistant. (rF+)


Message History

You closely miss something. You claw something. Something hits you.
The kobold hits you but does no damage.
You feel drained.
You hit something. You claw something.
You hear some strange, mumbled words.
Something tries to affect you, but you resist.
The kobold hits you but does no damage.
You feel drained.
You closely miss something. Something hits you.
The kobold hits you with a dagger of draining.
You feel drained.
You closely miss something. Your kick misses something.
The kobold barely misses you. You block something's attack.
The kobold hits you but does no damage.
You feel drained.
You closely miss something. Something hits you.
* * * LOW HITPOINT WARNING * * *
The kobold barely misses you.
You barely miss something. You block the kobold's attack. Something hits you.
* * * LOW HITPOINT WARNING * * *
You hit something but do no damage. Your kick misses something.
You block the kobold's attack. Something hits you.
You die...

.. ........ .........
#.#...#.. .
########..#..... #
#..<...........#
#..............>......
#......K{...#.#........
#.......@.....#.........
#....)....#.............
#######...#.............
#.#.#........>...
#.#..............
#.#..[.......##
#.#...........##
#.#............#
#.#..<.......######


You could see a kobold.

Vanquished Creatures
  2 adders (D:2)
  A dart slug (D:1)
  2 leopard geckos (D:1)
  2 giant cockroaches
  3 goblins (D:2)
  4 hobgoblins
  5 jackals
  4 bats
  A frilled lizard (D:1)
  6 kobolds
  3 rats (D:1)
33 creatures vanquished.

Notes
Turn   | Place    | Note
-------+----------+-------------------------------------------
     0 | D:1      | LarsimusPrime the Demonspawn Fighter began the quest for the Orb.
     0 | D:1      | Reached XP level 1. HP: 18/18 MP: 1/1
   234 | D:1      | Gained mutation: Your flesh is heat resistant. (rF+) [demonic ancestry]
   234 | D:1      | Reached XP level 2. HP: 21/24 MP: 2/2
   725 | D:2      | Gained mutation: You have sharp toenails. [demonic ancestry]
   725 | D:2      | Reached XP level 3. HP: 29/29 MP: 3/3
   821 | D:2      | Noticed Sigmund
  1479 | D:2      | Noticed a dagger
  1479 | D:2      | Noticed a hand axe
  1487 | D:2      | Found a hide-covered altar of Uskayaw.
  1518 | D:2      | Found a stormy altar of Qazlal.
  1576 | D:2      | Slain by Sigmund

Vault maps used:
D:1:      doesnt_arrival_eight_statues, minmay_misc_feat_x
D:2:      lemuel_round_altar, dancing_weapons_uskayaw, kennysheep_slug_shrine,
          nicolae_qazlal_eye_of_the_storm, uniq_sigmund

Skill      XL: |  1  2 |
---------------+-------+-----
Maces & Flails | 2 |  2.8
Shields        | 3 |  3.0
Armour         | 3 |  3.0
Fighting       | |  3.3
Dodging        | |  0.1

Action                   || total
-------------------------++-------
Melee: Flail             ||    91
       Kick              ||     6
  Eat: Bread ration      ||     1
Armor: Scale mail        ||    43
Dodge: Dodged            ||    41
Block: Shield            ||    17
       Buckler           ||    20

Table legend:
 A = Spawn XP
 B = Non-spawn XP
 C = Spawn XP percentage of total XP
 D = Spawn monster count
 E = Non-spawn monster count
 F = Spawn count percentage of total count
 G = Total turns spent on level
                    A         B        C        D         E        F      G
               +---------+---------+-------+---------+---------+-------+---------
         Total |       0 |      82 |   0.0 |       0 |      33 |   0.0 |  1576
               +---------+---------+-------+---------+---------+-------+---------
           D:1 |       0 |      37 |   0.0 |       0 |      21 |   0.0 |  1303
           D:2 |       0 |      45 |   0.0 |       0 |      12 |   0.0 |   273
               +---------+---------+-------+---------+---------+-------+---------
